 Dungeon Crawl Stone Soup version 0.15-a0-2036-g5428f20 (webtiles) character file.

231368 MackTheKnife the Warrior (level 19, -1/163 HPs)
             Began as a Human Fighter on July 1, 2014.
             Was a High Priest of the Shining One.
             Killed from afar by a golden dragon (15 damage)
             ... with a bolt of fire
             ... on Level 2 of the Depths on July 13, 2014.
             The game lasted 01:50:05 (36349 turns).

MackTheKnife the Warrior (Human Fighter)           Turns: 36349, Time: 01:50:06

HP  -1/163       AC 23     Str 21      XL: 19   Next: 78%
MP  41/41        EV 12     Int 10      God: the Shining One [*****.]
Gold 1884        SH 22     Dex 15      Spells:  0 memorised, 18 levels left

rFire  + . .     SeeInvis .     k - +9 long sword (elec)
rCold  . . .     Clarity  +     Q - +3 scale mail of Soerukau {Slay+4}
rNeg   + + .     rCorr    .     u - +2 large shield
rPois  +         rRot     .     M - +0 helmet
rElec  +         Spirit   .     l - +2 cloak {rPois}
SustAb .         Warding  .     e - +0 pair of gloves
rMut   .         Stasis   .     H - +2 pair of boots
Gourm  .                        c - amulet of clarity
MR     +....                    y - ring "Teufapos" {rElec rF+ MP+9}
                                N - ring of regeneration

@: slowed, glowing, very slow, somewhat resistant to hostile enchantments,
extremely unstealthy
A: no striking features
a: Divine Shield, Cleansing Flame, Summon Divine Warrior, Renounce Religion
}: 2/15 runes: barnacled, gossamer


You were on level 2 of the Depths.
You worshipped the Shining One.
The Shining One was extremely pleased with you.
You were not hungry.

You visited 7 branches of the dungeon, and saw 40 of its levels.

You collected 3552 gold pieces.
You spent 1668 gold pieces at shops.


   Skills:
 - Level 18.0 Fighting
 - Level 14.0 Long Blades
 - Level 14.0 Armour
 + Level 10.5 Dodging
 - Level 15.0 Shields
 - Level 11.1 Invocations


You had 18 spell levels left.
You didn't know any spells.

Inventory:

Hand weapons
 k - a +9 long sword of electrocution (weapon)
 w - a +2 great sword of flaming
Armour
 e - a +0 pair of gloves (worn)
 l - a +2 cloak of poison resistance (worn)
 u - a +2 large shield (worn)
 F - a cursed +0 plate armour
 H - a +2 pair of boots (worn)
 M - a +0 helmet (worn)
 Q - the +3 scale mail of Soerukau (worn) {Slay+4}
   (You found it on level 5 of the Lair of Beasts)

   It affects your accuracy and damage with ranged weapons and melee attacks
   (+4).
Magical devices
 f - a wand of digging (7)
 i - a wand of lightning (3)
 I - a wand of magic darts (2)
 L - a wand of cold (0)
 O - a wand of teleportation (4)
Comestibles
 d - 7 bread rations
 g - 3 meat rations
 s - 5 royal jellies
 t - 10 beef jerkies
 A - 17 slices of pizza
 J - 27 fruits
 P - 2 rotting chunks of deep troll flesh {@*1}
Scrolls
 a - 3 scrolls of identify
 m - 2 scrolls of fear
 n - 6 scrolls of fog
 o - 2 scrolls of magic mapping
 p - 19 scrolls of remove curse
 q - 2 scrolls of recharging
 E - 9 scrolls of amnesia
 G - 2 scrolls of silence
 R - a scroll of enchant weapon
Jewellery
 c - an amulet of clarity (around neck)
 v - an uncursed amulet of resist mutation
 y - the ring "Teufapos" (right hand) {rElec rF+ MP+9}
   (You bought it in a shop on level 2 of the Orcish Mines)

   [ring of magical power]

   It protects you from fire.
   It insulates you from electricity.
   It affects your magic capacity (+9).
 N - a ring of regeneration (left hand)
 S - a +3 ring of dexterity
 W - an uncursed ring of ice
Potions
 b - 2 potions of curing
 h - 2 potions of agility
 j - a potion of heal wounds
 r - 2 potions of berserk rage
 x - 6 potions of restore abilities
 z - a potion of porridge
 B - a potion of flight
 C - 3 potions of brilliance
 T - 5 potions of haste
Miscellaneous
 D - a sack of spiders {used:

1} ▒▒▒▒▒▒▒▒▒▒▒▒▒▒
········CDuuu·▒
·········JJ[uC·▒
▒·····J···▒▒p·▒
▒▒········▒▒▒··▒
▒▒·······J▒▒▒···▒
▒········▒▒▒····▒
········▒▒▒···▒·▒
······▒▒▒····▒···
·····▒▒▒·····▒▒▒▒▒
····▒▒▒·······▒
··▒▒▒········▒


You could see a golden dragon, a friendly frost giant, a friendly fire giant, a
friendly green very ugly thing, 2 friendly slime creatures and 3 friendly ugly
things.


Message History

The bolt of lightning hits you! You resist.
* * * LOW HITPOINT WARNING * * *
The bolt of lightning hits your green very ugly thing.
The golden dragon misses you. You block the golden dragon's attack.
The golden dragon tramples you but does no damage.
The spriggan air mage points at you and mumbles some strange words.
The bolt of lightning hits you! You resist.
* * * LOW HITPOINT WARNING * * *
The bolt of lightning hits your green very ugly thing.
You block the golden dragon's attack. The golden dragon claws you.
* * * LOW HITPOINT WARNING * * *
The golden dragon closely misses you.
The spriggan air mage waves its arms in wide circles.
The air twists around and strikes you!
The golden dragon bites your green ugly thing!
The golden dragon claws your green ugly thing!
Your fire giant hits the golden dragon with a great sword of flaming!!
Your fire giant burns the golden dragon.
Two slime creatures merge to form a large slime creature.
The spriggan air mage barely misses you.
The spriggan air mage hits your green ugly thing!
The golden dragon bites your green very ugly thing.
The golden dragon tramples your green very ugly thing!
Your slime creature hits the spriggan air mage!!
The spriggan air mage dies!
The winds cease moving at the spriggan air mage's will.
The golden dragon breathes fire at you.
The bolt of fire hits your green ugly thing.
The bolt of fire hits you! You resist.
You die...

Action                   |  1- 3 |  4- 6 |  7- 9 | 10-12 | 13-15 | 16-18 | 19-21 || total
-------------------------+-------+-------+-------+-------+-------+-------+-------++-------
Melee: Long sword        |    80 |   282 |   423 |   742 |  1370 |  1525 |   458 ||  4880
Invok: Cleansing Flame   |       |       |       |       |       |     5 |       ||     5
       Summon Divine War |       |       |       |       |       |     5 |     3 ||     8
       Divine Shield     |       |       |       |       |       |     6 |     1 ||     7
Evoke: Wand              |       |     1 |     3 |     3 |    22 |    22 |     5 ||    56
       Sack of spiders   |       |       |       |       |       |     1 |       ||     1
  Use: Scroll            |       |    10 |     8 |    14 |    19 |    27 |     8 ||    86
       Potion            |       |     1 |     2 |       |     4 |    10 |     7 ||    24
 Stab: Petrified         |       |       |       |       |     1 |       |       ||     1
       Held in net/web   |       |       |       |       |       |     1 |       ||     1
       Distracted        |       |       |       |       |       |     2 |       ||     2
  Eat: Bread ration      |       |       |       |       |       |     6 |     2 ||     8
       Chunk             |       |       |       |       |       |    12 |     3 ||    15

Vault maps used:
D:1:      saegor_arrival_simple_f
D:2:      minmay_shallow_snake_nest
D:3:      grunt_decor_mini_mirrors, uniq_crazy_yiuf_cottage
D:4:      first_bread, corexii_corridor_pit, minmay_strange_pillars,
          minmay_goblin_outpost
D:5:      wad_crossroads, serial_shops, nicolae_shop_stone, minmay_small_thing
D:6:      gammafunk_temple_overflow_statue
D:7:      minmay_temple_entry_overgrown, serial_shops, nicolae_shop_crystal,
          uniq_eustachio, uniq_menkaure
D:8:      special_room
D:9:      erik_orc_1, basic_altar, spider_trap
D:10:     erik_lair_dragon, uniq_erolcha
D:11:     uniq_nessos
D:12:     grunt_pizzeria, minmay_misc_feat_rows, serial_bayou_ford_a,
          st_stairs_1, dk_noncrumbling_4
D:13:     basic_altar
D:14:     erik_vaults_1, special_room, corexii_hall_statues_l, uniq_harold,
          uniq_frances
D:15:     gammafunk_depths_entry_grave, roderic_lattice_octagonal_star,
          spider_trap
Temple:   lightli_temple_of_artemis
Orc:1:    rock_pile, uniq_snorg, uniq_maurice
Orc:2:    serial_shops, shop_statue, shop, shop_statue,
          nicolae_shop_behind_doors, roderic_batcave, uniq_psyche, uniq_sonja
Orc:3:    serial_shops, shop_scrolls, basic_altar, nicolae_orc_pool_cavern,
          nooodl_orcs_dogs
Orc:4:    serial_shops, shop, shop, nicolae_shop_statue_plus, st_orc_elflike
Lair:1:   st_stairs_8, grunt_megastairs_4
Lair:3:   beast_lair_carwin_7
Lair:4:   lemuel_oklob_altar
Lair:5:   minmay_shoals_entry_beasts, lemuel_fruit_tree
Lair:6:   spider_nest_entry_web_field
Lair:8:   minmay_lair_end_frog_pond, slime_altar_2, nicolae_lair_yak_garden
Shoals:1: centaur_isle
Shoals:4: serial_shops, nicolae_shop_crystal, nicolae_shoals_dead_sea_scrolls
Shoals:5: shoals_end_hangedman, shoals_ilsuiw_alternative
Spider:2: baited_tele_trap, nicolae_spider_cling_halls, uniq_norris, uniq_nikola
Spider:3: spider_trap
Spider:4: nicolae_spider_cling_ruins, uniq_wiglaf
Spider:5: spider_rune_water
Depths:1: pf_hell_entry_tar_spiral, minmay_misc_feat_square, serial_shops, shop,
          abyss_entry, pan_entry, tso_altar, serial_bayou_shore_b
Depths:2: minmay_fractal_lines_corner, abyss_entry, hell_entry,
          serial_sigils_hangedman_carve

Notes
Turn   | Place    | Note
--------------------------------------------------------------
     0 | D:1      | MackTheKnife, the Human Fighter, began the quest for the Orb.
     0 | D:1      | Reached XP level 1. HP: 18/18 MP: 1/1
   131 | D:1      | Reached XP level 2. HP: 22/24 MP: 2/2
   402 | D:1      | Reached skill level 3 in Long Blades
   492 | D:2      | Reached XP level 3. HP: 7/29 MP: 3/3
  1091 | D:2      | Reached skill level 4 in Long Blades
  1091 | D:2      | Reached XP level 4. HP: 25/35 MP: 4/4
  1661 | D:2      | Reached XP level 5. HP: 24/41 MP: 5/5
  1674 | D:2      | Reached skill level 5 in Long Blades
  2330 | D:3      | Reached XP level 6. HP: 43/47 MP: 6/6
  2572 | D:3      | Noticed Crazy Yiuf
  2586 | D:3      | Killed Crazy Yiuf
  2586 | D:3      | HP: 7/72 [poisoned by Crazy Yiuf]
  2595 | D:3      | HP: 6/72 [poisoned by Crazy Yiuf]
  2600 | D:3      | HP: 4/48 [poisoned by Crazy Yiuf]
  3267 | D:4      | Reached skill level 4 in Fighting
  3284 | D:4      | Reached skill level 6 in Long Blades
  3392 | D:4      | Noticed Sphara's ghost (weakling VSAr)
  3411 | D:4      | Killed Sphara's ghost
  3411 | D:4      | Reached XP level 7. HP: 40/55 MP: 7/7
  3540 | D:4      | Got a slimy scale mail
  3542 | D:4      | Identified the cursed -5 scale mail of Failure {rF+ Dex+2 Int+2} (You found it on level 4 of the Dungeon)
  4247 | D:5      | Entered Level 5 of the Dungeon
  4508 | D:5      | Reached skill level 5 in Fighting
  4532 | D:5      | Found Fabbamp's General Store.
  4556 | D:5      | Bought a +0 pair of gloves for 63 gold pieces
  4679 | D:5      | Reached skill level 7 in Long Blades
  4679 | D:5      | Reached XP level 8. HP: 57/63 MP: 8/8
  4979 | D:6      | Reached skill level 6 in Fighting
  4979 | D:6      | Reached skill level 4 in Shields
  5484 | D:6      | Found a white marble altar of Elyvilon.
  5484 | D:6      | Found a snail-covered altar of Cheibriados.
  5528 | D:6      | Reached skill level 5 in Shields
  5628 | D:7      | Reached skill level 7 in Fighting
  5740 | D:7      | Reached XP level 9. HP: 62/72 MP: 9/9
  5857 | D:7      | Found a staircase to the Ecumenical Temple.
  5868 | Temple   | Entered the Ecumenical Temple
  5898 | Temple   | Became a worshipper of the Shining One
  5971 | D:7      | Reached skill level 6 in Shields
  6147 | D:7      | Noticed Eustachio
  6151 | D:7      | Noticed Menkaure
  6167 | D:7      | Killed Menkaure
  6181 | D:7      | Killed Eustachio
  6181 | D:7      | Reached skill level 8 in Fighting
  6277 | D:7      | Found Wito's Food Shoppe.
  6628 | D:7      | Reached skill level 7 in Shields
  7260 | D:8      | Reached XP level 10. HP: 63/82 MP: 10/10
  7449 | D:8      | Reached skill level 4 in Armour
  7488 | D:8      | Reached skill level 8 in Long Blades
  7511 | D:8      | Reached skill level 5 in Armour
  7524 | D:8      | Acquired the Shining One's first power
  7989 | D:9      | Reached skill level 6 in Armour
  7996 | D:9      | Reached skill level 9 in Long Blades
  8176 | D:9      | Found a white marble altar of Elyvilon.
  8620 | D:9      | Found a staircase to the Orcish Mines.
  8666 | D:9      | Reached skill level 7 in Armour
  8901 | D:10     | Entered Level 10 of the Dungeon
  8910 | D:10     | Noticed Erolcha
  9003 | D:9      | Reached XP level 11. HP: 79/87 MP: 11/11
  9316 | D:10     | Reached skill level 10 in Long Blades
  9517 | D:10     | Found a staircase to the Lair.
  9532 | D:10     | Reached skill level 9 in Fighting
  9546 | Lair:1   | Entered Level 1 of the Lair of Beasts
  9553 | Lair:1   | Reached skill level 8 in Armour
  9771 | Lair:1   | Acquired the Shining One's second power
  9839 | Lair:1   | Reached skill level 9 in Armour
 10360 | Lair:2   | Reached skill level 10 in Fighting
 10754 | Lair:3   | Reached XP level 12. HP: 92/98 MP: 12/12
 10782 | Lair:3   | Reached skill level 10 in Armour
 10877 | Lair:3   | Reached skill level 11 in Fighting
 11285 | Lair:3   | Reached skill level 8 in Shields
 11346 | Lair:3   | Noticed an oklob plant
 11747 | Lair:4   | Noticed Chiseanne's ghost (powerful SpFi)
 11879 | Lair:4   | Killed Chiseanne's ghost
 11879 | Lair:4   | Reached skill level 11 in Long Blades
 12046 | Lair:4   | Reached skill level 9 in Shields
 12177 | Lair:4   | Found a stormy altar of Qazlal.
 12366 | Lair:5   | Reached XP level 13. HP: 94/106 MP: 13/13
 12492 | Lair:5   | Reached skill level 12 in Long Blades
 12492 | Lair:5   | Reached skill level 10 in Shields
 12643 | Lair:5   | Found a staircase to the Shoals.
 12740 | Lair:5   | Got a pitted scale mail
 13178 | Lair:5   | Identified the +3 scale mail of Soerukau {Slay+4} (You found it on level 5 of the Lair of Beasts)
 13803 | Lair:6   | Reached skill level 12 in Fighting
 13931 | Lair:6   | Noticed valor's ghost (powerful HOGl)
 14212 | Lair:6   | Found a hole to the Spider Nest.
 14574 | Lair:7   | Reached skill level 11 in Shields
 14843 | Lair:7   | Reached skill level 13 in Long Blades
 15206 | Lair:7   | Reached XP level 14. HP: 116/116 MP: 14/14
 15229 | Lair:8   | Entered Level 8 of the Lair of Beasts
 15361 | Lair:8   | Acquired the Shining One's third power
 15496 | Lair:8   | Reached skill level 1 in Invocations
 15510 | Lair:8   | Reached skill level 2 in Invocations
 15537 | Lair:8   | Reached skill level 3 in Invocations
 15584 | Lair:8   | Reached skill level 4 in Invocations
 15589 | Lair:8   | Identified the Papyrus of the Shifting Mountains (You found it on level 8 of the Lair of Beasts)
 15704 | Lair:8   | Reached skill level 5 in Invocations
 15883 | Lair:8   | Reached skill level 6 in Invocations
 16141 | Lair:8   | Noticed an emperor scorpion
 16141 | Lair:8   | a six-headed hydra changed into an emperor scorpion
 16158 | Lair:8   | Killed an emperor scorpion
 16158 | Lair:8   | Reached skill level 7 in Invocations
 16287 | Lair:8   | Noticed an acid blob
 16288 | Lair:8   | Found a staircase to the Slime Pits.
 16593 | D:10     | Reached skill level 8 in Invocations
 16705 | Orc:1    | Entered Level 1 of the Orcish Mines
 16705 | Orc:1    | Noticed Snorg
 16722 | Orc:1    | Killed Snorg
 16943 | Orc:1    | Noticed Maurice
 16960 | Orc:1    | Killed Maurice
 17271 | Orc:2    | Noticed Sonja
 17288 | Orc:1    | Killed Sonja
 17372 | Orc:2    | Reached skill level 9 in Invocations
 17393 | Orc:2    | Acquired the Shining One's fourth power
 17497 | Orc:2    | Noticed Psyche
 17506 | Orc:2    | Killed Psyche
 17546 | Orc:2    | Found Brulotoc's Gadget Boutique.
 17602 | Orc:2    | Found Ovituam's General Store.
 17610 | Orc:2    | Bought a scroll of enchant weapon for 105 gold pieces
 17610 | Orc:2    | Bought a potion of agility for 35 gold pieces
 17672 | Orc:2    | Found Blaicin's Jewellery Shoppe.
 17779 | Orc:2    | Found Uxkesem's Magic Scroll Shoppe.
 17788 | Orc:2    | Bought 3 scrolls of enchant weapon for 225 gold pieces
 17961 | Orc:3    | Found Omaqaist's Magic Scroll Shop.
 17965 | Orc:3    | Reached XP level 15. HP: 122/122 MP: 28/28
 17971 | Orc:3    | Found a roughly hewn altar of Beogh.
 17976 | Orc:3    | Omaqaist's Magic Scroll Shop was a mimic.
 17995 | Orc:3    | Reached skill level 10 in Invocations
 18532 | Orc:4    | Entered Level 4 of the Orcish Mines
 18582 | Orc:4    | Found a staircase to the Elven Halls.
 18721 | Orc:4    | Noticed WhatIsLove's ghost (powerful FoFi)
 18730 | Orc:4    | Killed WhatIsLove's ghost
 18847 | Orc:4    | Reached skill level 13 in Fighting
 18890 | Orc:4    | Found Baemnulu's Jewellery Shoppe.
 18921 | Orc:4    | Found Usexkiesa's General Store.
 18938 | Orc:4    | Found Apeat's Weapon Emporium.
 19236 | Orc:4    | Found Culourot's Antique Armour Shop.
 19243 | Orc:4    | Found Gigawil's Weapon Emporium.
 19247 | Orc:4    | Bought a runed large shield for 166 gold pieces
 19249 | Orc:4    | Found Zeutaphe's Book Emporium.
 19251 | Orc:4    | Found Phoicyit's Armour Shop.
 19294 | Orc:4    | Bought a polished chain mail for 351 gold pieces
 19296 | Orc:4    | Identified the cursed +5 chain mail of Hadjma {rF++} (You bought it in a shop on level 4 of the Orcish Mines)
 19354 | Orc:4    | Reached skill level 14 in Fighting
 19461 | Orc:2    | Bought the ring "Teufapos" {rElec rF+ MP+9} for 533 gold pieces
 19671 | D:10     | Noticed a hill giant
 19678 | D:10     | Killed a hill giant
 19980 | D:10     | Killed Erolcha
 20640 | D:11     | Noticed Nessos
 20647 | D:11     | Killed Nessos
 20810 | D:11     | Reached skill level 12 in Shields
 21928 | D:13     | Found a basalt altar of Yredelemnul.
 22541 | D:13     | Reached skill level 11 in Armour
 22881 | D:14     | Noticed Frances
 23088 | D:14     | Noticed Harold
 23105 | D:14     | Killed Harold
 23211 | D:14     | Reached XP level 16. HP: 63/133 MP: 29/29
 23503 | D:14     | Killed Frances
 23570 | D:14     | Found a gate to the Vaults.
 23609 | D:14     | Reached skill level 13 in Shields
 23952 | D:15     | Entered Level 15 of the Dungeon
 23962 | D:15     | Reached skill level 12 in Armour
 24200 | D:15     | Found a staircase to the Depths.
 25493 | Lair:2   | Upgraded the game from 0.15-a0-1808-ge879653 to 0.15-a0-1950-gbc841a2
 25493 | Lair:2   | Upgraded the game from 0.15-a0-1950-gbc841a2 to 0.15-a0-1968-gb423ccb
 25589 | Spider:1 | Entered Level 1 of the Spider Nest
 25642 | Spider:1 | Reached skill level 14 in Shields
 25853 | Spider:1 | Reached skill level 13 in Armour
 25866 | Spider:1 | Identified a +0 rod of ignition (11/11) (You found it on level 1 of the Spider Nest)
 26513 | Spider:2 | Noticed Norris
 26516 | Spider:2 | Noticed Nikola
 26541 | Spider:2 | Paralysed by Norris for 7 turns
 26957 | Spider:3 | Reached XP level 17. HP: 72/139 MP: 30/30
 27800 | Spider:4 | Reached skill level 14 in Armour
 27801 | Spider:4 | Noticed Wiglaf
 27825 | Spider:4 | Killed Wiglaf
 27825 | Spider:4 | Reached skill level 15 in Shields
 28322 | Spider:5 | Entered Level 5 of the Spider Nest
 28506 | Spider:5 | Reached skill level 11 in Invocations
 29111 | Spider:5 | Reached skill level 15 in Fighting
 29940 | Spider:5 | Reached skill level 16 in Fighting
 29940 | Spider:5 | Reached XP level 18. HP: 151/151 MP: 13/31
 30136 | Spider:5 | Got a gossamer rune of Zot
 30313 | Spider:2 | Paralysed by Norris for 7 turns
 30332 | Spider:2 | Killed Norris
 30423 | Lair:6   | Killed valor's ghost
 30549 | Shoals:1 | Entered Level 1 of the Shoals
 31043 | Shoals:1 | Reached skill level 17 in Fighting
 31375 | Shoals:1 | Upgraded the game from 0.15-a0-1968-gb423ccb to 0.15-a0-2036-g5428f20
 32253 | Shoals:3 | Reached skill level 18 in Fighting
 32794 | Shoals:4 | Found Kleshaefa's Magic Scroll Shop.
 32811 | Shoals:4 | Got an encrusted battleaxe
 32866 | Shoals:4 | Bought a scroll of summoning for 190 gold pieces
 33044 | Shoals:4 | Reached skill level 14 in Long Blades
 33112 | Shoals:4 | Reached skill level 1 in Dodging
 33171 | Shoals:5 | Entered Level 5 of the Shoals
 33299 | Shoals:5 | Noticed Ilsuiw
 33314 | Shoals:5 | Reached skill level 2 in Dodging
 33351 | Shoals:5 | Reached XP level 19. HP: 153/163 MP: 32/32
 33386 | Shoals:5 | Reached skill level 3 in Dodging
 33538 | Shoals:5 | Reached skill level 4 in Dodging
 33787 | Shoals:5 | Reached skill level 5 in Dodging
 34232 | Shoals:5 | Reached skill level 6 in Dodging
 34273 | Shoals:5 | HP: 15/163 [merfolk javelineer/ javelin (22)]
 34482 | Shoals:5 | Reached skill level 7 in Dodging
 34510 | Shoals:5 | Got a barnacled rune of Zot
 35028 | Depths:1 | Entered Level 1 of the Depths
 35106 | Depths:1 | Found a gateway to Hell.
 35230 | Depths:1 | Found a glowing golden altar of the Shining One.
 35269 | Depths:1 | Reached skill level 8 in Dodging
 35350 | Depths:1 | Found Peum's Food Emporium.
 35601 | Depths:1 | Found a one-way gate to the infinite horrors of the Abyss.
 35685 | Depths:1 | Found a one-way gate leading to the halls of Pandemonium.
 35729 | Depths:1 | Reached skill level 9 in Dodging
 35783 | Depths:1 | Paralysed by a Zot trap for 2 turns
 36088 | Depths:2 | Reached skill level 10 in Dodging
 36332 | Depths:2 | Noticed a golden dragon
 36332 | Depths:2 | Paralysed by a sphinx for 3 turns
 36347 | Depths:2 | HP: 15/163 [spriggan air mage/bolt of lightning (8)]
 36349 | Depths:2 | Killed from afar by a golden dragon

Vanquished Creatures
  A lich (Depths:1)
  A sphinx (Depths:2)
  Frances (D:14)
  2 fire giants (Depths:1)
  Wiglaf (Spider:4)
  3 emperor scorpions
  8 ghost moths
  2 stone giants (Depths:1)
  The ghost of valor the Severer, a powerful HOGl of Okawaru (Lair:6)
  The ghost of WhatIsLove the Hoplite, a powerful FoFi of Okawaru (Orc:4)
  The ghost of Chiseanne the Nimble, a powerful SpFi of Gozag (Lair:4)
  Snorg (Orc:1)
  2 fire dragons (D:15)
  A merfolk javelineer (Shoals:5)
  2 sirens (Shoals:5)
  4 merfolk impalers (Shoals:5)
  Harold (D:14)
  2 hydras
  Nessos (D:11)
  A rakshasa (Depths:1)
  2 merfolk aquamancers
  2 ogre magi (Depths:1)
  A satyr (Shoals:5)
  2 dancing weapons (D:14)
  2 alligator snapping turtles
  2 deep troll earth magi (Depths:2)
  7 death yaks
  4 orc high priests
  2 centaur warriors
  A soul eater (Depths:2)
  A vampire mage (D:15)
  A catoblepas (Lair:8)
  3 deep elf knights
  2 very ugly things (Depths:2)
  7 skeletal warriors
  11 orb spiders
  Erolcha (D:10)
  9 sea snakes
  A deep elf summoner (Depths:1)
  6 water nymphs
  7 orc knights
  4 deep trolls (Depths:2)
  2 necromancers
  6 orc sorcerers
  19 harpies
  7 hill giants
  18 wolf spiders
  2 frost giant zombies (Depths:1)
  A stone giant zombie (D:15)
  A deep elf conjurer (Depths:1)
  13 griffons
  5 red wasps
  5 cyclopes
  14 manticores
  5 black mambas
  3 moths of wrath
  Maurice (Orc:1)
  9 fauns
  7 mermaids
  A gargoyle (D:15)
  2 torpor snails
  3 item mimics
  A feature mimic (Orc:3)
  An emperor scorpion zombie (D:15)
  Psyche (Orc:2)
  6 demonic crawlers
  28 spiny frogs
  2 efreet
  A centaur zombie (D:14)
  A deep elf priest (D:13)
  5 yaktaurs (D:15)
  2 fire drakes
  5 trolls
  6 komodo dragons
  5 wind drakes
  22 merfolk
  9 two-headed ogres
  Sonja (Orc:1)
  32 jumping spiders
  An elf zombie (Depths:1)
  2 boulder beetles
  A basilisk (Lair:8)
  14 blink frogs
  8 snapping turtles
  A griffon zombie (D:15)
  2 vampires
  10 trapdoor spiders
  A stone giant simulacrum (Depths:1)
  25 tarantellas
  A very ugly thing skeleton (D:15)
  3 wyverns
  A spriggan (D:12)
  2 flying skulls (D:15)
  2 ice dragon skeletons
  7 water elementals
  54 redbacks
  52 yaks
  2 deep elf magi
  18 ugly things
  Eustachio (D:7)
  14 hippogriffs
  2 deep elf fighters (D:13)
  4 hill giant skeletons
  12 wolves
  10 vampire mosquitoes
  2 hungry ghosts
  Menkaure (D:7)
  A soldier ant (shapeshifter) (D:14)
  2 mottled dragons
  8 wargs
  21 orc warriors
  9 water moccasins
  17 porcupines
  23 spiders
  2 yellow wasps
  A swamp drake (D:9)
  A tengu skeleton (D:12)
  6 ice beasts
  4 black bears
  A manticore zombie (D:11)
  3 phantoms
  A boring beetle (Lair:7)
  21 ogres
  5 sky beasts
  A brain worm (D:14)
  An elf skeleton (D:15)
  15 big kobolds
  13 centaurs
  13 crocodiles
  40 giant frogs
  A gnoll sergeant (D:9)
  7 scorpions
  An eye of draining (D:15)
  2 troll zombies
  11 killer bees
  A vampire bat (Orc:2)
  2 hippogriff skeletons (D:5)
  4 electric eels
  4 crimson imps
  4 goliath beetles
  A giant frog zombie (D:15)
  The ghost of Sphara the Charlatan, a weakling VSAr (D:4)
  2 removed
  MONS_BIG_FISHs (Lair:8)
  Crazy Yiuf (D:3)
  19 hounds
  4 jellies
  23 orc priests
  A giant frog skeleton (D:8)
  32 orc wizards
  7 worker ants
  10 iguanas
  42 sheep
  2 sky beast zombies
  A big kobold skeleton (D:11)
  A hound skeleton (D:6)
  11 gnolls
  69 green rats
  24 adders
  3 orc zombies (Orc:4)
  3 shadow imps
  3 worms (D:2)
  An ufetubus (D:7)
  An adder skeleton (D:8)
  6 giant geckos
  An ooze (D:3)
  185 orcs
  4 ball pythons (D:2)
  18 bats
  A bat zombie (D:6)
  4 giant cockroaches
  20 goblins
  19 hobgoblins
  16 jackals
  14 quokkas
  A giant gecko skeleton (D:8)
  7 giant newts
  A giant spore (D:11)
  A goblin zombie (D:5)
  A hobgoblin zombie (D:9)
  37 kobolds
  10 rats
  2 rat skeletons
  3 ballistomycetes
  7 plants
  A tentacle (Shoals:5)
1487 creatures vanquished.

Vanquished Creatures (collateral kills)
  Norris (Spider:2)
  A merfolk javelineer (Shoals:5)
  A merfolk impaler (Shoals:5)
  A spriggan air mage (Depths:2)
  An alligator snapping turtle (Shoals:5)
  2 orb spiders
  A harpy (Shoals:5)
  2 wolf spiders (Spider:1)
  2 jumping spiders
  A trapdoor spider (Spider:5)
  4 redbacks
  A water elemental (Shoals:5)
18 creatures vanquished.

Vanquished Creatures (others)
  2 daevas
  2 orb spiders
  A wolf spider (Spider:5)
  5 drowned souls (Shoals:5)
  An orc (Orc:1)
  2 giant spores
  3 fungi (Lair:8)
  9 plants
  28 tentacles (Shoals:5)
  170 tentacle segments (Shoals:5)
223 creatures vanquished.

Grand Total: 1728 creatures vanquished
